 Dungeon Crawl Stone Soup version 0.25.0-45-g9783441 (webtiles) character file.

Game seed: 13949941598968049366

7434 Morgon the Nimble (level 11, -5/68 HPs)
             Began as a Kobold Gladiator on July 11, 2020.
             Was an Elder of Okawaru.
             Killed from afar by an oklob plant (13 damage)
             ... with a splash of acid
             ... on level 10 of the Dungeon.
             The game lasted 00:59:10 (14856 turns).

Morgon the Nimble (Kobold Gladiator)               Turns: 14856, Time: 00:59:11

Health: -5/68      AC: 10    Str: 11    XL:     11   Next: 37%
Magic:  12/14      EV: 25    Int: 13    God:    Okawaru [****..]
Gold:   319        SH:  0    Dex: 17    Spells: 8/10 levels left

rFire    . . .     SeeInvis .   a - +0 quarterstaff
rCold    + + .     Gourm    .   (shield currently unavailable)
rNeg     + . .     Faith    .   M - +2 ring mail {rC+}
rPois    .         Spirit   .   h - +1 helmet
rElec    .         Reflect  .   (no cloak)
rCorr    .         Harm     .   (no gloves)
MR       .....                  (no boots)
Stlth    ++........             (no amulet)
HPRegen  0.21/turn              p - ring of protection from cold
MPRegen  0.14/turn              y - ring of positive energy

@: heroism
A: small, carnivore
a: Heroism, Renounce Religion


You were on level 10 of the Dungeon.
You worshipped Okawaru.
Okawaru was greatly pleased with you.
You were completely stuffed.

You visited 1 branch of the dungeon, and saw 10 of its levels.
You also visited: Ossuary.

You collected 447 gold pieces.
You spent 128 gold pieces at shops.

Inventory:

Hand Weapons
 a - a +0 quarterstaff (weapon)
 b - a +2 flail of holy wrath
Missiles
 n - 2 throwing nets (quivered)
 B - 32 bolts
 R - 5 atropa-tipped darts
Armour
 h - a +1 helmet (worn)
 m - a +0 ring mail
 w - a +2 leather armour of cold resistance
 D - +0 steam dragon scales
 L - the +8 chain mail of Walasuf {rElec Str+4}
   (You found it on level 5 of the Dungeon)

   It affects your strength (+4).
   It insulates you from electricity.
 M - a +2 ring mail of cold resistance (worn)
Jewellery
 p - a ring of protection from cold (left hand)
 y - a ring of positive energy (right hand)
 J - an uncursed ring of protection from cold
Wands
 c - a wand of iceblast (15)
 d - a wand of acid (9)
 e - a wand of flame (22)
 H - a wand of digging (13)
 K - a wand of enslavement (8)
 P - a wand of random effects (17)
Scrolls
 i - a scroll of identify
 j - 6 scrolls of teleportation
 k - a scroll of acquirement {unknown}
 o - 3 scrolls of immolation
 r - 3 scrolls of remove curse
 t - a scroll of enchant weapon {unknown}
 u - 2 scrolls of magic mapping {unknown}
 x - 2 scrolls of amnesia {unknown}
 C - a scroll of fear
 E - 6 scrolls of fog {unknown}
 F - a scroll of enchant armour
 G - 2 scrolls of blinking
 T - a scroll of random uselessness {unknown}
Potions
 g - a potion of degeneration {unknown}
 l - 2 potions of ambrosia
 q - 2 potions of resistance
 s - 2 potions of mutation
 v - 6 potions of curing
 z - a potion of flight {unknown}
 A - a potion of cancellation {unknown}
 I - 2 potions of invisibility
 N - 2 potions of lignification
 O - a potion of berserk rage
 Q - 2 potions of stabbing
 S - 3 potions of haste {unknown}
Comestibles
 f - 15 rations


   Skills:
 - Level 8.0(13.0) Fighting
 - Level 10.0(15.0) Staves
 - Level 2.1(7.1) Throwing
 + Level 1.3(6.3) Armour
 + Level 12.3(17.3) Dodging
 - Level 5.0 Invocations


You had 8 spell levels left.
You knew the following spells:

 Your Spells              Type           Power        Failure   Level  Hunger
b - Blink                 Tloc           N/A          69%         2    ###....

Your spell library contained the following spells:

 Spells                   Type           Power        Failure   Level  Hunger
 Beastly Appendage        Tmut           #.....       54%         1    ##.....
 Magic Dart               Conj           #...         54%         1    ##.....
 Summon Small Mammal      Summ           #...         54%         1    ##.....
 Call Imp                 Summ           #.......     69%         2    ###....
 Slow                     Hex            #.......     69%         2    ###....
 Sticks to Snakes         Tmut           #.......     69%         2    ###....
 Call Canine Familiar     Summ           #.......     89%         3    ####...
 Conjure Flame            Conj/Fire      #.......     89%         3    ####...
 Mephitic Cloud           Conj/Pois/Air  #.......     89%         3    ####...
 Spider Form              Tmut/Pois      #.........   89%         3    ####...
 Summon Guardian Golem    Hex/Summ       #.......     89%         3    ####...
 Ice Form                 Ice/Tmut       #.......     100%        4    #####..
 Summon Ice Beast         Ice/Summ       #.......     100%        4    #####..
 Summon Lightning Spire   Summ/Air       #.......     100%        4    #####..
 Blade Hands              Tmut           #.........   100%        5    ######.


Dungeon Overview and Level Annotations

Branches:
Dungeon (10/15)              Lair (0/6) D:10            Orc (0/2) D:9
Ossuary (visited)
 Temple: D:4-7

Altars:
Fedhas
Kikubaaqudgha
Okawaru
Qazlal
Yredelemnul

Shops:
D:8 !

Annotations:
D:5 1 runed translucent door
D:6 2 transporters, roflc0ptic's ghost, novice OpTm
D:7 Dowan; Duvessa
D:10 exclusion: oklob plant


Innate Abilities, Weirdness & Mutations

You are small and have problems with some larger weapons.
You are carnivorous and can eat meat at any time.


Message History

P - a wand of random effects (17)
You now have 319 gold pieces (gained 20).
There is an escape hatch in the floor here.
Found a stone staircase leading up.
Found a blue potion.
Found an escape hatch in the ceiling.
S - 3 blue potions (gained 1)
Found a staircase to the Lair.
Really walk into a travel-excluded area?
You gain the combat prowess of a mighty hero.
The oklob plant spits acid at you. The splash of acid hits you!!
You are splashed with acid!
You hit the oklob plant.
The oklob plant is lightly damaged.
The oklob plant spits acid at you. The splash of acid hits you!
You are splashed with acid!
* * * LOW HITPOINT WARNING * * *
The oklob plant spits acid at you. The splash of acid hits you!
You die...

...................
..#.#####.###(...## ####.
..#.....#...#...#...≈...
.................. ...# ..
#.#...#.)...#....##P.P##..
#....########..#...PPPP..#
...#
#.###..........#≈$PP>P..≈#
...#
#.#....######..#...PPP...
....# #....###
#..@##..P##. ....< #....#
#....#...#...... ...#.#
#..#...≈...#..# ...#.# ##
#...#######...# #..#.. .#
###........# ########.###
######<#.# .......#...###
#.#.#
##...........########.#.#
#..........(...........#


You could see an oklob plant.

Vanquished Creatures
  Harold (D:7)
  Maggie (D:8)
  Edmund (D:7)
  Menkaure (D:6)
  2 hungry ghosts
  A water moccasin (D:8)
  8 orc warriors
  5 ice beasts
  4 sky beasts
  A black bear (D:6)
  A necrophage (D:8)
  6 ogres
  3 centaurs
  7 bullfrogs
  A wyvern zombie (Ossuary)
  4 scorpions
  3 killer bees
  6 howler monkeys
  5 centaur zombies
  4 crimson imps
  2 hounds
  6 bullfrog zombies
  2 jellies
  A human skeleton (D:5)
  10 orc priests
  10 orc wizards
  2 bullfrog skeletons
  2 iguanas
  A worker ant (D:4)
  A killer bee zombie (Ossuary)
  A hound zombie (Ossuary)
  A hound skeleton (D:4)
  16 mummies (Ossuary)
  2 howler monkey zombies
  5 worker ant zombies
  4 adders
  7 gnolls
  3 shadow imps
  2 oozes
  An adder zombie (Ossuary)
  An adder skeleton (D:8)
  3 worms
  2 dart slugs
  3 leopard geckos
  27 orcs
  2 ball pythons
  6 giant cockroaches
  5 goblins
  8 hobgoblins
  A quokka (D:3)
  9 bats
  3 frilled lizards
  A goblin skeleton (D:5)
  A jackal skeleton (D:5)
  A jackal zombie (D:8)
  6 kobolds
  A leopard gecko skeleton (D:5)
  2 leopard gecko zombies
  2 quokka zombies (Ossuary)
  6 rats
234 creatures vanquished.

Vanquished Creatures (others)
  An orc wizard (D:5)
  A withered plant (Ossuary)
2 creatures vanquished.

Grand Total: 236 creatures vanquished

Notes
Turn   | Place    | Note
-------+----------+-------------------------------------------
     0 | D:1      | Morgon the Kobold Gladiator began the quest for the Orb.
     0 | D:1      | Reached XP level 1. HP: 12/12 MP: 1/1
   132 | D:1      | Reached XP level 2. HP: 11/17 MP: 2/2
   362 | D:1      | Reached skill level 4 in Dodging
   969 | D:2      | Reached XP level 3. HP: 22/22 MP: 3/3
  1253 | D:2      | Reached XP level 4. HP: 27/27 MP: 4/4
  2400 | D:3      | Found a blossoming altar of Fedhas.
  2400 | D:3      | Found an ancient bone altar of Kikubaaqudgha.
  2554 | D:3      | Reached XP level 5. HP: 31/31 MP: 5/5
  2785 | D:4      | Noticed an ogre
  2797 | D:4      | Killed an ogre
  2797 | D:4      | Reached XP level 6. HP: 6/37 MP: 6/6
  3069 | D:4      | Found a sand-covered staircase.
  3074 | Ossuary  | Entered an ossuary
  3128 | Ossuary  | Reached skill level 5 in Dodging
  3141 | Ossuary  | Reached skill level 5 in Staves
  3170 | Ossuary  | HP: 1/37 [mummy (9)]
  3262 | Ossuary  | Reached XP level 7. HP: 36/41 MP: 7/7
  4042 | Ossuary  | Reached XP level 8. HP: 36/46 MP: 8/8
  4972 | D:4      | Reached skill level 6 in Dodging
  5312 | D:4      | Found an iron altar of Okawaru.
  5320 | D:4      | Became a worshipper of Warmaster Okawaru
  5662 | D:5      | Entered Level 5 of the Dungeon
  5729 | D:5      | Found a runed translucent door.
  5729 | D:5      | Noticed a human
  5732 | D:5      | Found a basalt altar of Yredelemnul.
  5874 | D:5      | Got a shimmering chain mail
  6686 | D:6      | Found a stormy altar of Qazlal.
  6694 | D:6      | Noticed Edmund
  6996 | D:6      | Found a transporter.
  7001 | D:6      | Noticed roflc0ptic's ghost (novice OpTm)
  7484 | D:6      | Reached XP level 9. HP: 28/50 MP: 9/9
  7521 | D:6      | HP: 2/50 [poisoned by a scorpion]
  7907 | D:7      | Noticed Harold
  8266 | D:6      | Reached skill level 7 in Dodging
  8290 | D:6      | Reached * piety under Okawaru
  8545 | D:6      | Found a transporter.
  8577 | D:6      | Reached skill level 10 in Staves
  9044 | D:6      | Reached skill level 8 in Dodging
  9140 | D:7      | Killed Harold
  9140 | D:7      | Reached skill level 10 in Dodging
  9140 | D:7      | Reached skill level 1 in Invocations
  9140 | D:7      | Reached XP level 10. HP: 35/56 MP: 8/11
  9401 | D:7      | Noticed Duvessa
  9402 | D:7      | Noticed Dowan
  9405 | D:7      | Reached ** piety under Okawaru
  9601 | D:7      | Noticed Menkaure
  9617 | D:6      | Killed Menkaure
 10084 | D:7      | Reached skill level 11 in Dodging
 10190 | D:7      | Killed Edmund
 10372 | D:7      | Noticed a green ugly thing
 10432 | D:8      | Noticed Maggie
 10478 | D:8      | Killed Maggie
 10478 | D:8      | Reached skill level 5 in Fighting
 10490 | D:8      | HP: 1/59 [something/puff of flame (11)]
 10998 | D:8      | Identified the +8 chain mail of Walasuf {rElec Str+4} (You
                  | found it on level 5 of the Dungeon)
 11509 | D:8      | Reached *** piety under Okawaru
 11762 | D:8      | Found Teuzygut's Distillery.
 11770 | D:8      | Bought a potion of lignification for 48 gold pieces
 11770 | D:8      | Bought a potion of berserk rage for 80 gold pieces
 12145 | D:8      | Learned a level 2 spell: Blink
 12329 | D:8      | Reached skill level 5 in Invocations
 12771 | D:9      | Reached XP level 11. HP: 66/66 MP: 14/14
 13497 | D:9      | Found a staircase to the Orcish Mines.
 13709 | D:9      | Received a gift from Okawaru
 14227 | D:10     | Entered Level 10 of the Dungeon
 14245 | D:10     | Noticed an oklob plant
 14481 | D:10     | Reached skill level 12 in Dodging
 14485 | D:10     | Reached skill level 1 in Armour
 14502 | D:10     | Reached **** piety under Okawaru
 14850 | D:10     | Found a staircase to the Lair.
 14856 | D:10     | Killed from afar by an oklob plant

Illustrated notes

Levels and vault maps discovered:
D:1:      dpeg_arrival_windows_large_door, layout_basic, st_stairs_13,
          minmay_misc_feat_enclosed, minmay_misc_feat_alley, interstate_on_off,
          chequers_serial_rivers_small_3
D:2:      layout_rooms
D:3:      layout_loops_corners, grunt_temple_overflow_growth_and_decay,
          first_ration
D:4:      layout_cave_pools, lightli_ossuary_entry_decrepit_ruins,
          okawaru_altar_gauntlet_db
D:5:      layout_loops_ring, dk_yredelemnul_ordeal
D:6:      layout_loops_ring, grunt_qazlal_sundering, gammafunk_ghost_arena,
          uniq_edmund
D:7:      layout_loops_ring, minitemple, minmay_temple_entry_enclosed_plants,
          uniq_duvessa, uniq_harold, uniq_crazy_yiuf_cottage, uniq_menkaure
D:8:      layout_basic, serial_shops, shop, uniq_maggie
D:9:      layout_loops_ring, david_orc_4
D:10:     layout_basic, dpeg_oklobed_lair

Skill      XL: |  1  2  3  4  5  6  7  8  9 10 11 |
---------------+----------------------------------+-----
Staves         | 3 4 5 7 8 10 | 10.0
Dodging        | 4 5 6 10 11 12 | 12.3
Fighting       | 3 6 8 |  8.0
Invocations    | 1 5 |  5.0
Armour         | 1 |  1.3
Throwing       | |  2.1

Action                   |  1- 3 |  4- 6 |  7- 9 | 10-12 || total
-------------------------+-------+-------+-------+-------++-------
Melee: Quarterstaff      |    78 |   154 |   520 |   714 ||  1466
Throw: Throwing net      |       |     1 |       |     1 ||     2
Invok: Heroism           |       |       |     3 |    11 ||    14
  Use: Scroll            |       |    12 |       |     4 ||    16
       Potion            |       |     5 |     4 |     3 ||    12
 Stab: Held in net/web   |       |     1 |       |     2 ||     3
       Distracted        |       |       |       |     1 ||     1
       Sleeping          |       |       |       |     1 ||     1
  Eat: Chunk             |     9 |     6 |    18 |    37 ||    70
Armor: Leather armour    |    20 |       |       |     3 ||    23
       Ring mail         |       |    20 |    88 |    32 ||   140
       Skin              |       |    18 |    14 |       ||    32
       Steam dragon scal |       |       |       |    34 ||    34
Dodge: Dodged            |   106 |    94 |   321 |   460 ||   981
